 Dungeon Crawl Stone Soup version 0.29.1-13-g9f3cf754e1 (webtiles) character file.

Game seed: 2888124473095090399

65 Thatpatchoflichen the Trooper (level 4, 0/49 HPs)
             Began as an Ogre Fighter on Jan 30, 2023.
             Succumbed to an adder's poison
             ... on level 1 of the Dungeon.
             The game lasted 00:03:14 (3095 turns).

Thatpatchoflichen the Trooper (Ogre Fighter)        Turns: 3095, Time: 00:03:14

Health: 0/49       AC:  3    Str: 20    XL:     4   Next: 13%
Magic:  4/4        EV:  9    Int:  9    God:
Gold:   58         SH:  7    Dex: 10    Spells: 3/3 levels left

rFire   . . .      SeeInvis .   a - +0 long sword
rCold   . . .      Faith    .   c - +0 kite shield
rNeg    . . .      Spirit   .   b - +0 robe
rPois   .          Reflect  .   (helmet restricted)
rElec   .          Harm     .   (no cloak)
rCorr   .          Rampage  .   (gloves unavailable)
Will    .....                   (boots unavailable)
Stlth   +.........              (no amulet)
HPRegen 0.16/turn               (no ring)
MPRegen 0.09/turn               (no ring)

@: brilliant, lethally poisoned (0 -> -5), attractive
A: large, unfitting armour, tough skin 1
a: no special abilities


You were on level 1 of the Dungeon.
You visited 1 branch of the dungeon, and saw 3 of its levels.

You collected 58 gold pieces.

Inventory:

Hand Weapons
 a - a +0 long sword (weapon)
Missiles
 e - 4 poisoned darts (quivered)
Armour
 b - a +0 robe (worn)
 c - a +0 kite shield (worn)
Scrolls
 g - 2 scrolls of identify {unknown}
 h - a scroll of noise {unknown}
 j - a scroll of poison {unknown}
 l - 2 scrolls of amnesia {unknown}
 m - a scroll of immolation {unknown}
Potions
 d - a potion of might
 f - 2 potions of attraction
 i - 2 potions of degeneration {unknown}
 k - a potion of brilliance
 n - a potion of heal wounds {unknown}


   Skills:
 + Level 4.7 Fighting
 + Level 2.5 Long Blades
 + Level 3.2 Dodging
 + Level 3.5 Shields


You had 3 spell levels left.
You didn't know any spells.
Your spell library contained the following spells:

 Spells                   Type           Power      Damage    Failure   Level
 Magic Dart               Conj           0%         1d3       67%         1
 Call Imp                 Summ           0%         N/A       82%         2
 Poisonous Vapours        Pois/Air       0%         N/A       82%         2
 Mephitic Cloud           Conj/Pois/Air  0%         N/A       96%         3
 Ozocubu's Armour         Ice            0%         N/A       96%         3
 Cause Fear               Hex            0%         N/A       100%        4
 Corpse Rot               Necr/Pois/Air  0%         N/A       100%        4
 Dragon Form              Tmut           0%         N/A       100%        7
 Ozocubu's Refrigeration  Ice            0%         4d7       100%        7
 Dragon's Call            Summ           0%         N/A       100%        9


Dungeon Overview and Level Annotations

Branches:
Dungeon (3/15)

Altars:


Innate Abilities, Weirdness & Mutations

You are too large for most types of armour.
You have tough skin. (AC +1)


Message History

You feel sick. The adder bites you.
You barely miss the adder.
The adder is lightly wounded.
You feel sick. The adder bites you.
You are more poisoned.
The adder poisons you! The adder bites you.
You are more poisoned.
The adder poisons you!
You completely miss the adder.
The adder is lightly wounded.
You feel very sick. The adder bites you.
You are more poisoned.
The adder poisons you! You block the adder's attack.
You closely miss the adder.
The adder is lightly wounded.
* * * LOW HITPOINT WARNING * * *
You feel very sick. The adder bites you.
* * * LOW HITPOINT WARNING * * *
You block the adder's attack.
It was a potion of attraction.
You feel attractive to monsters.
* * * LOW HITPOINT WARNING * * *
You feel very sick. You block the adder's attack.
It was a potion of brilliance.
You feel clever all of a sudden.
* * * LOW HITPOINT WARNING * * *
You feel sick. The adder bites you.
* * * LOW HITPOINT WARNING * * *
You block the adder's attack.
You closely miss the adder.
The adder is lightly wounded.
* * * LOW HITPOINT WARNING * * *
You feel very sick. The adder closely misses you.
You slash the adder!
The adder is almost dead.
You die...

#.##.##.# ..##.##.#
..##.##.# ..##....#
..########
..#......#########
..#.####.##......#
..#.# ##.##.##.#.##
..#.# #.....#...@S#
..#.######.....#..#
###............#..#
.#########.#......#
..### ####.##.....#
....#
#......รท.####
..#.###.###.#..#
..#.#..........#
#...........##.#


You could see an adder.

Vanquished Creatures
  2 adders (D:2)
  An orc (D:2)
  4 bats
  3 endoplasms
  A giant cockroach (D:1)
  7 goblins
  5 hobgoblins
  4 kobolds
  2 quokkas (D:1)
  4 ball pythons
  3 frilled lizards (D:1)
  6 rats
42 creatures vanquished.

Notes
Turn   | Place    | Note
-------+----------+-------------------------------------------
     0 | D:1      | Thatpatchoflichen the Ogre Fighter began the quest for the
                  | Orb.
     0 | D:1      | Reached XP level 1. HP: 24/24 MP: 1/1
   114 | D:1      | Reached XP level 2. HP: 9/32 MP: 2/2
  1091 | D:1      | Reached XP level 3. HP: 25/40 MP: 3/3
  2675 | D:2      | Reached XP level 4. HP: 20/49 MP: 4/4
  3094 | D:1      | HP: 1/49 [poisoned by an adder]
  3095 | D:1      | Succumbed to an adder's poison

Illustrated notes

Levels and vault maps discovered:
D:1:      amcnicky_arrival_abandoned_market, layout_basic, minivault_4,
          minmay_unequal
D:2:      layout_basic, kennysheep_generic_room_2
D:3:      layout_loops_ring

Skill      XL: |  1  2 |
---------------+-------+-----
Long Blades    | 2 |  2.5
Dodging        | 3 |  3.2
Fighting       | |  4.7
Shields        | |  3.5

Action                   |  1- 3 |  4- 6 || total
-------------------------+-------+-------++-------
Melee: Long sword        |   178 |    14 ||   192
  Use: Potion            |       |     2 ||     2
 Stab: Sleeping          |     1 |       ||     1
Armor: Robe              |    84 |     6 ||    90
Dodge: Dodged            |    93 |    11 ||   104
Block: Kite shield       |    82 |    15 ||    97
